 Dungeon Crawl Stone Soup version 0.25-a0-36-g303dd5b1f4 (webtiles) character file.

Game seed: 14590145949724465006, levelgen mode: deterministic

270994 mortelune the Earth Mage (level 19, -13/170 HPs)
             Began as a Grey Draconian Fire Elementalist on Oct 20, 2019.
             Was the Champion of Vehumet.
             Killed from afar by a quicksilver dragon (39 damage)
             ... with a bolt of dispelling energy
             ... on level 1 of the Vaults.
             The game lasted 03:25:11 (72610 turns).

mortelune the Earth Mage (DrFE)                    Turns: 72610, Time: 03:25:11

Health: -13/170    AC: 23    Str: 12    XL:     19   Next: 44%
Magic:  10/36      EV: 20    Int: 22    God:    Vehumet [******]
Gold:   3196       SH:  4    Dex: 16    Spells: 11/45 levels left

rFire    + . .     SeeInvis .   a - staff of energy
rCold    x . .     Gourm    .   (no shield)
rNeg     . . .     Faith    .   (armour unavailable)
rPois    +         Spirit   .   S - +0 hat
rElec    .         Reflect  +   I - +1 cloak
rCorr    .         Harm     .   e - +2 pair of gloves
MR       +....                  V - +2 pair of boots
Stlth    ++........             U - amulet of Qazlal's Envy {Reflect +Blink +Inv rPois Dex+2 SH+4}
HPRegen  0.38/turn              E - +4 ring of dexterity
MPRegen  0.25/turn              z - ring of fire

@: no status effects
A: walk through water, unfitting armour, talons 1, clumsy 1, wild magic 1,
unbreathing, cold-blooded, AC +15
}: 2/15 runes: decaying, serpentine
a: Renounce Religion, Evoke Blink, Evoke Invisibility


You were on level 1 of the Vaults.
You worshipped Vehumet.
Vehumet was exalted by your worship.
You were not hungry.

You visited 7 branches of the dungeon, and saw 33 of its levels.
You also visited: Ossuary, Gauntlet and Ice Cave.

You collected 3902 gold pieces.
You spent 706 gold pieces at shops.

Inventory:

Hand Weapons
 b - the +8 whip "Snakebite" {curare, rPois}
   (You found it on level 2 of the Lair of Beasts)

   It poisons the flesh of those it strikes.
   It protects you from poison.
 H - the +6 hand axe "Harosest" {chop, *Corrode rElec rPois Stlth+}
   (You bought it in a shop on level 12 of the Dungeon)

   It inflicts extra damage upon your enemies.
   It insulates you from electricity.
   It protects you from poison.
   It may corrode you when you take damage.
   It makes you more stealthy.
Armour
 d - a +0 shield of poison resistance
 e - a +2 pair of gloves (worn)
 I - a +1 cloak (worn)
 S - a +0 hat (worn)
 V - a +2 pair of boots (worn)
Magical Staves
 a - an uncursed staff of energy (weapon)
Jewellery
 r - a +4 ring of dexterity
 y - the amulet "Ysorolun" {rC+++ Regen+ Str+2 Dex-4 Stlth+}
   (You found it on level 6 of the Lair of Beasts)

   [amulet of regeneration]

   It affects your strength (+2).
   It affects your dexterity (-4).
   It renders you almost immune to cold.
   It increases your rate of regeneration.
   It makes you more stealthy.
 z - a ring of fire (right hand)
 E - a +4 ring of dexterity (left hand)
 F - an uncursed ring of resist corrosion
 Q - an uncursed ring of protection from fire
 U - the amulet of Qazlal's Envy (around neck) {Reflect +Blink +Inv rPois Dex+2 SH+4}
   (You found it in a Gauntlet)

   [amulet of reflection]

   It shields you and reflects attacks.
   It affects your dexterity (+2).
   It protects you from poison.
   It lets you turn invisible.
   It lets you blink.
   It affects your SH (+4).
 W - an uncursed ring of positive energy
Wands
 f - a wand of digging (20)
 i - a wand of paralysis (59)
 l - a wand of polymorph (26)
 n - a wand of disintegration (25)
 u - a wand of acid (7)
 P - a wand of enslavement (23)
Scrolls
 h - 15 scrolls of remove curse
 m - 3 scrolls of holy word
 o - 4 scrolls of amnesia
 q - a scroll of brand weapon
 s - 5 scrolls of fog
 w - 4 scrolls of enchant armour
 x - 15 scrolls of teleportation
 B - 7 scrolls of blinking
 G - 6 scrolls of enchant weapon
 K - 2 scrolls of immolation
 L - 9 scrolls of identify
 N - a scroll of silence
 R - a scroll of summoning
 T - 3 scrolls of fear
 Y - 6 scrolls of magic mapping
Potions
 c - 2 potions of agility
 g - 8 potions of might
 j - 5 potions of cancellation
 k - 2 potions of haste
 p - 2 potions of brilliance
 t - 9 potions of curing
 v - 2 potions of berserk rage
 A - 8 potions of flight
 J - a potion of resistance
 M - 2 potions of heal wounds
 Z - 3 potions of invisibility
Miscellaneous
 C - a phantom mirror
 O - 3 sacks of spiders
Comestibles
 D - 2 chunks of flesh
 X - 16 rations


   Skills:
 + Level 15.0 Fighting
 - Level 10.6 Dodging
 - Level 1.7 Stealth
 - Level 7.0 Shields
 + Level 13.6 Spellcasting
 - Level 16.0 Conjurations
 - Level 9.6 Fire Magic
 * Level 20.1 Earth Magic
 - Level 8.0 Evocations


You had 11 spell levels left.
You knew the following spells:

 Your Spells              Type           Power        Failure   Level  Hunger
a - Flame Tongue          Conj/Fire      #####        1%          1    None
b - Throw Flame           Conj/Fire      ######       1%          2    None
c - Conjure Flame         Conj/Fire      #######.     1%          3    None
d - Sticky Flame          Conj/Fire      #######.     1%          4    None
e - Fireball              Conj/Fire      #######...   1%          5    None
f - Bolt of Magma         Conj/Fire/Erth ########..   1%          5    None
q - Lee's Rapid Deconstr  Erth           #######...   1%          5    None
s - Stone Arrow           Conj/Erth      ######       1%          3    None
w - Iron Shot             Conj/Erth      #######...   1%          6    None

Your spell library contained the following spells:

 Spells                   Type           Power        Failure   Level  Hunger
 Lehudib's Crystal Spear  Conj/Erth      #######...   7%          8    None
 Chain Lightning          Conj/Air       ######....   94%         8    None
 Glaciate                 Conj/Ice       ######....   100%        9    None
 Magic Dart               Conj           ####         1%          1    None
 Shock                    Conj/Air       ####         1%          1    None
 Searing Ray              Conj           ######       1%          2    None
 Dazzling Spray           Conj/Hex       ######       1%          3    None
 Ignite Poison            Fire/Tmut/Pois ######..     1%          3    None
 Inner Flame              Hex/Fire       ######..     1%          3    None
 Mephitic Cloud           Conj/Pois/Air  #####...     1%          3    None
 Static Discharge         Conj/Air       ######..     1%          3    None
 Force Lance              Conj/Tloc      ######..     1%          4    None
 Fulminant Prism          Conj/Hex       ######....   1%          4    None
 Iskenderun's Mystic Bla  Conj           #######.     1%          4    None
 Leda's Liquefaction      Hex/Erth       ######....   1%          4    None
 Petrify                  Tmut/Erth      ######..     1%          4    None
 Bolt of Draining         Conj/Necr      ######....   1%          5    None
 Iskenderun's Battlesphe  Conj/Chrm      ######..     1%          5    None
 Lightning Bolt           Conj/Air       ######....   1%          5    None
 Venom Bolt               Conj/Pois      ######....   1%          5    None
 Bolt of Fire             Conj/Fire      #######...   1%          6    None
 Orb of Destruction       Conj           #######...   2%          7    None
 Animate Skeleton         Necr           N/A          7%          1    None
 Apportation              Tloc           ###...       7%          1    None
 Beastly Appendage        Tmut           ###...       7%          1    None
 Confusing Touch          Hex            ###...       7%          1    None
 Corona                   Hex            ###....      7%          1    None
 Infusion                 Chrm           ###.         7%          1    None
 Pain                     Necr           ###.         7%          1    None
 Summon Butterflies       Summ           ###.....     7%          1    None
 Summon Small Mammal      Summ           ###.         7%          1    None
 Bolt of Cold             Conj/Ice       ######....   9%          6    None
 Blink                    Tloc           N/A          10%         2    None
 Call Imp                 Summ           ###.....     10%         2    None
 Corpse Rot               Necr           N/A          10%         2    None
 Ensorcelled Hibernation  Hex/Ice        ###...       10%         2    None
 Shroud of Golubria       Chrm/Tloc      ###...       10%         2    None
 Slow                     Hex            ###.....     10%         2    None
 Song of Slaying          Chrm           ###.....     10%         2    None
 Sticks to Snakes         Tmut           ###.....     10%         2    None
 Sublimation of Blood     Necr           ###.......   10%         2    None
 Swiftness                Chrm/Air       ###.....     10%         2    None
 Airstrike                Air            ###.......   14%         4    None
 Statue Form              Tmut/Erth      ######...    16%         6    None
 Call Canine Familiar     Summ           ###.....     19%         3    None
 Confuse                  Hex            ###.....     19%         3    None
 Gell's Gravitas          Tloc           ###.......   19%         3    None
 Ozocubu's Armour         Chrm/Ice       ###.....     19%         3    None
 Portal Projectile        Hex/Tloc       ###...       19%         3    None
 Regeneration             Chrm/Necr      ###.......   19%         3    None
 Spectral Weapon          Hex/Chrm       ###.....     19%         3    None
 Spider Form              Tmut/Pois      ###.......   19%         3    None
 Tukima's Dance           Hex            ###.....     19%         3    None
 Vampiric Draining        Necr           ###.......   19%         3    None
 Freezing Cloud           Conj/Ice/Air   #####.....   24%         6    None
 Shatter                  Erth           #######...   32%         9    None
 Yara's Violent Unravell  Hex/Tmut       ###.......   34%         5    None
 Spellforged Servitor     Conj/Summ      ######....   38%         7    None
 Animate Dead             Necr           N/A          47%         4    None
 Cause Fear               Hex            ###.......   47%         4    None
 Ice Form                 Ice/Tmut       ###.....     47%         4    None
 Summon Ice Beast         Ice/Summ       ###.....     47%         4    None
 Ignition                 Fire           #######...   80%         8    None
 Agony                    Necr           ###.....     82%         5    None
 Blade Hands              Tmut           ###.......   82%         5    None
 Dispel Undead            Necr           ###.....     82%         5    None
 Excruciating Wounds      Chrm/Necr      ###.......   82%         5    None
 Metabolic Englaciation   Hex/Ice        ###.......   82%         5    None
 Silence                  Hex/Air        ###.......   82%         5    None
 Summon Mana Viper        Hex/Summ       ###.....     82%         5    None
 Ozocubu's Refrigeration  Ice            ###.......   85%         6    None
 Ring of Flames           Chrm/Fire      ######....   99%         7    None
 Deflect Missiles         Chrm/Air       ###.......   100%        6    None
 Simulacrum               Ice/Necr       ###.......   100%        6    None
 Summon Hydra             Summ           ###.......   100%        7    None
 Discord                  Hex            ###.......   100%        8    None
 Tornado                  Air            ###.......   100%        9    None


Dungeon Overview and Level Annotations

Branches:
Dungeon (15/15)            Temple (1/1) D:4            Lair (6/6) D:11
  Swamp (4/4) Lair:4        Snake (4/4) Lair:2        Slime (0/5) Lair:5
    Orc (2/2) D:10            Elf (0/3) Orc:2        Vaults (1/5) D:13
 Depths (0/5) D:15        Ossuary (visited)           IceCv (visited)
Gauntlet (visited)

Altars:
Ashenzari
Cheibriados
Dithmenos
Elyvilon
Fedhas
Gozag
Hepliaklqana
Kikubaaqudgha
Makhleb
Nemelex Xobeh
Okawaru
Qazlal
Ru
Sif Muna
Trog
Uskayaw
Vehumet
Wu Jian
Xom
Yredelemnul
Zin
The Shining One
Jiyva
Lugonu

Shops:
D:12 :(*%%   Orc:2 (%?*   Snake:2 [

Portals:
Trove: D:14 (give +3 shadow dragon scales)

Annotations:
D:4 Natasha
Orc:1 2 transporters, Ciad's ghost, journeyman MiBe


Innate Abilities, Weirdness & Mutations

You can walk through water.
Your dull iron-grey scales are very hard. (AC +15)
You cannot fit into any form of body armour.
You can survive without breathing.
You are cold-blooded and may be slowed by cold attacks.
You have sharp toenails.
You are clumsy. (Dex -2)
Your spells are a little harder to cast, but a little more powerful.


Message History

The quicksilver dragon claws you.
* * * LOW HITPOINT WARNING * * *
The quicksilver dragon breathes dispelling energy at you.
The bolt of dispelling energy misses you.
You feel much better.
The quicksilver dragon barely misses you.
The quicksilver dragon closely misses you.
The quicksilver dragon bites you. The quicksilver dragon misses you.
The quicksilver dragon bites you but does no damage.
The quicksilver dragon claws you! The ogre completely misses you.
The quicksilver dragon breathes dispelling energy at you.
The bolt of dispelling energy hits you!!
* * * LOW HITPOINT WARNING * * *
Items here: )) [[ a +0 giant spiked club; a +0 robe; a cursed +0 ring mail; a +0 falchion
There is an open door here.
Items here: ( ))))) [[[ The quicksilver dragon breathes dispelling energy at you.
The bolt of dispelling energy hits you!!!
You die...

.......# #.....).# ##...###..
#......# #.....c.# #####!#######
..(....# #.......# #...[(..##...
.......# #.....(.# #.......##...
.......# #.......# #.......##...
.......# #.....O.# #.......##...
....(..# #......)# #..(....##...
.......# #######D###.......##...
######'####.....@..#####''####'##
#......##..)..)(.##............
#......##...[....##.###.###.###
#......##....∩...##.#H#.#s#.#c#
#......##........##.###.###.###
#......##...(....##............
#......##........##############
#......##........#
#########........#


You could see a quicksilver dragon.

Vanquished Creatures
  the Lernaean hydra (Swamp:4)
  Rupert (D:13)
  Donald (Snake:2)
  Agnes (Snake:1)
  3 thorn hunters
  The ghost of Fingolfin the Fighter, a journeyman TrMo of Okawaru (D:14)
  Roxanne (Snake:2)
  A fire giant (D:15)
  A frost giant (IceCv)
  7 nagarajas (Snake:4)
  4 orc warlords
  4 ironheart preservers
  A ghoul (Vaults:1)
  A stone giant (Orc:1)
  Nessos (D:13)
  A minotaur (D:14)
  Josephine (Lair:5)
  3 ogre magi
  2 yaktaur captains (Vaults:1)
  A fire dragon (Vaults:1)
  A great orb of eyes (Vaults:1)
  23 hydras
  2 shambling mangroves (Swamp:2)
  25 naga warriors
  Harold (D:10)
  9 centaur warriors
  A rakshasa (Vaults:1)
  A merfolk avatar (Lair:6)
  6 anacondas
  A death knight (Vaults:1)
  A catoblepas (D:13)
  9 alligators
  A death scarab (Gauntlet)
  3 tengu warriors
  2 death yaks
  8 shock serpents
  10 two-headed ogres
  17 naga sharpshooters
  A deep elf knight (Vaults:1)
  11 sea snakes
  2 unseen horrors
  A salamander mystic (Snake:4)
  2 spriggan druids
  A glowing orange brain (Vaults:1)
  An obsidian statue (Gauntlet)
  10 swamp dragons
  11 naga ritualists
  A flayed ghost (Vaults:1)
  A harpy (Lair:6)
  4 ironbrand convokers
  6 orc knights
  4 deep elf magi
  2 wizards (Vaults:1)
  13 mana vipers
  A necromancer (Vaults:1)
  8 manticores
  9 ugly things
  A stone giant zombie (Vaults:1)
  A moth of wrath (Gauntlet)
  A wolf spider (Vaults:1)
  2 orc sorcerers
  2 salamanders (shapeshifter)
  8 cyclopes
  9 salamanders
  15 elephants
  7 guardian serpents
  3 vault sentinels (Vaults:1)
  37 black mambas
  35 naga magi
  An ice statue (IceCv)
  A gargoyle (D:15)
  6 rime drakes
  18 spiny frogs
  7 yaktaurs
  A rime drake (shapeshifter) (D:14)
  A kobold demonologist (D:14)
  3 freezing wraiths (Vaults:1)
  11 komodo dragons
  21 polar bears
  6 trolls
  11 tyrant leeches
  9 hornets
  12 bog bodies
  36 slime creatures
  19 blink frogs
  5 dream sheep
  13 hippogriffs
  3 meliai zombies
  6 shadows
  9 wraiths
  7 wyverns
  4 spriggans
  2 vampires
  38 yaks
  A basilisk (Lair:3)
  4 hungry ghosts
  14 vampire mosquitoes
  A warg (Orc:1)
  8 insubstantial wisps (Swamp:3)
  67 nagas
  23 swamp worms
  An acid dragon (D:13)
  A soldier ant (D:11)
  A spectral spiny frog (Gauntlet)
  24 water moccasins
  2 sky beasts
  6 porcupines
  13 swamp drakes
  An ogre skeleton (Vaults:1)
  59 orc warriors
  5 ice beasts
  An eye of draining (D:12)
  5 necrophages
  A black bear (D:8)
  4 boggarts
  4 phantoms
  31 wolves
  24 centaurs
  23 ogres
  12 crocodiles
  3 big kobolds
  13 bullfrogs
  A water moccasin skeleton (D:7)
  3 scorpions
  11 killer bees
  9 wights
  A troll skeleton (D:9)
  8 electric eels
  4 howler monkeys
  9 crimson imps
  3 bullfrog zombies
  4 centaur zombies
  4 human zombies
  2 quasits
  9 hounds
  9 jellies
  17 orc priests
  A bullfrog skeleton (D:11)
  6 centaur skeletons
  A gnoll shaman (Orc:1)
  2 iguanas
  Natasha (D:4)
  A human skeleton (D:9)
  29 orc wizards
  7 worker ants
  2 hound zombies
  2 hound skeletons
  2 mummies (D:9)
  2 worker ant zombies
  8 gnolls
  12 adders
  2 shadow imps
  2 adder skeletons (D:4)
  6 worms
  A dart slug (D:1)
  3 leopard geckos
  111 orcs
  A ball python (D:4)
  7 giant cockroaches
  10 goblins
  12 hobgoblins
  11 jackals
  3 quokkas
  A ball python skeleton (Ossuary)
  10 bats
  7 frilled lizards
  3 hobgoblin skeletons (Ossuary)
  A hobgoblin zombie (Ossuary)
  24 kobolds
  3 orc skeletons (Ossuary)
  3 orc zombies
  A quokka zombie (D:9)
  12 rats
  2 fungi (Lair:6)
  7 plants
1383 creatures vanquished.

Vanquished Creatures (others)
  An unseen horror (D:11)
  A wolf spider zombie (D:15)
  A black mamba (Snake:2)
  A vampire mosquito (D:11)
  2 centaurs (Orc:2)
  An orc (Orc:1)
  2 briar patches (Swamp:2)
  A bush (Swamp:4)
  27 fungi
  74 plants
111 creatures vanquished.

Grand Total: 1494 creatures vanquished

Notes
Turn   | Place    | Note
-------+----------+-------------------------------------------
     0 | D:1      | mortelune the Draconian Fire Elementalist began the quest
                  | for the Orb.
     0 | D:1      | Reached XP level 1. HP: 14/14 MP: 3/3
   353 | D:1      | Reached XP level 2. HP: 22/22 MP: 1/5
   533 | D:1      | Learned a level 2 spell: Throw Flame
   673 | D:1      | Reached skill level 1 in Fighting
   830 | D:1      | Reached XP level 3. HP: 28/28 MP: 3/6
  1288 | D:2      | Reached XP level 4. HP: 35/35 MP: 0/7
  1322 | D:2      | Learned a level 3 spell: Conjure Flame
  1925 | D:2      | Found a sparkling altar of Nemelex Xobeh.
  2845 | D:3      | Reached XP level 5. HP: 30/41 MP: 5/9
  3871 | D:4      | Found a stormy altar of Qazlal.
  3887 | D:4      | Found an iron altar of Okawaru.
  3998 | D:4      | Noticed Natasha
  4008 | D:4      | Killed Natasha
  4008 | D:4      | Reached XP level 6. HP: 50/50 MP: 3/10
  4078 | D:4      | Found a sand-covered staircase.
  4083 | Ossuary  | Entered an ossuary
  4089 | Ossuary  | Learned a level 4 spell: Sticky Flame
  4299 | Ossuary  | Noticed a flying skull
  4299 | Ossuary  | Noticed a wraith
  4306 | Ossuary  | Noticed a flying skull
  4453 | Ossuary  | Noticed a flying skull
  4456 | Ossuary  | Noticed a wraith
  4775 | Ossuary  | Gained mutation: Your natural rate of healing is unusually
                  | fast. [potion of mutation]
  4775 | Ossuary  | Gained mutation: You are occasionally teleported next to
                  | monsters. [potion of mutation]
  4775 | Ossuary  | Gained mutation: You have large cloven feet. [potion of
                  | mutation]
  4776 | Ossuary  | Lost mutation: You have large cloven feet. [potion of
                  | mutation]
  4776 | Ossuary  | Lost mutation: You are occasionally teleported next to
                  | monsters. [potion of mutation]
  4776 | Ossuary  | Lost mutation: Your natural rate of healing is unusually
                  | fast. [potion of mutation]
  4776 | Ossuary  | Gained mutation: You are clumsy. (Dex -2) [potion of
                  | mutation]
  4776 | Ossuary  | Gained mutation: You have sharp toenails. [potion of
                  | mutation]
  4776 | Ossuary  | Gained mutation: Your spells are a little harder to cast,
                  | but a little more powerful. [potion of mutation]
  4928 | Ossuary  | Killed a wraith
  4928 | Ossuary  | Your scales start taking on a dull iron-grey colour.
  4928 | Ossuary  | Reached XP level 7. HP: 47/57 MP: 0/12
  4928 | Ossuary  | Gained mutation: You can survive without breathing. [Grey
                  | Draconian growth]
  5255 | Ossuary  | Noticed a wraith
  5291 | Ossuary  | Killed a wraith
  5291 | Ossuary  | Reached skill level 5 in Conjurations
  5854 | D:4      | Noticed Natasha
  5960 | D:4      | Found a staircase to the Ecumenical Temple.
  5984 | Temple   | Entered the Ecumenical Temple
  6025 | Temple   | Became a worshipper of Vehumet
  6199 | D:5      | Entered Level 5 of the Dungeon
  6210 | D:5      | Noticed a hippogriff
  6217 | D:5      | Killed a hippogriff
  6217 | D:5      | Reached skill level 5 in Fire Magic
  6332 | D:5      | Found a burning altar of Makhleb.
  6334 | D:5      | Found a glowing silver altar of Zin.
  6334 | D:5      | Noticed a cacodemon
  6334 | D:5      | Noticed an angel
  6363 | D:5      | Reached XP level 8. HP: 66/66 MP: 4/14
  6746 | D:5      | Found a hide-covered altar of Uskayaw.
  6746 | D:5      | Found a transporter.
  6757 | D:5      | Found a transporter.
  7357 | D:5      | Reached skill level 5 in Spellcasting
  8070 | D:6      | Found an iron altar of Okawaru.
  8326 | D:7      | Found a blossoming altar of Fedhas.
  8471 | D:7      | Reached * piety under Vehumet
  8471 | D:7      | Offered knowledge of Freeze by Vehumet.
  8644 | D:7      | Found a shattered altar of Ashenzari.
  8672 | D:7      | Reached XP level 9. HP: 71/71 MP: 5/17
  9292 | D:7      | Learned a level 5 spell: Fireball
 10123 | D:7      | Noticed a moth of wrath
 10126 | D:7      | Found a bloodstained altar of Trog.
 10755 | D:8      | Noticed a two-headed ogre
 10764 | D:8      | Killed a two-headed ogre
 10764 | D:8      | Reached XP level 10. HP: 78/78 MP: 6/20
 10865 | D:8      | Reached skill level 10 in Conjurations
 11247 | D:8      | Reached ** piety under Vehumet
 11247 | D:8      | Offered knowledge of Searing Ray by Vehumet.
 11493 | D:9      | Found a hazy altar of Hepliaklqana.
 11502 | D:9      | Found an opulent altar of Gozag.
 11847 | D:9      | Found an ancient bone altar of Kikubaaqudgha.
 12499 | D:9      | Offered knowledge of Stone Arrow by Vehumet.
 12612 | D:9      | Learned a level 3 spell: Stone Arrow
 12827 | D:9      | Reached skill level 1 in Earth Magic
 12843 | D:9      | Found a glowing golden altar of the Shining One.
 12844 | D:9      | Found a shimmering blue altar of Sif Muna.
 13201 | D:10     | Entered Level 10 of the Dungeon
 13407 | D:10     | Found a staircase to the Orcish Mines.
 13411 | D:10     | Reached *** piety under Vehumet
 13411 | D:10     | Reached skill level 2 in Earth Magic
 14024 | D:10     | Noticed a white ugly thing
 14038 | D:10     | Killed a white ugly thing
 14038 | D:10     | Reached skill level 3 in Earth Magic
 14293 | D:10     | Offered knowledge of Airstrike by Vehumet.
 14363 | D:10     | Noticed Harold
 14383 | D:10     | Killed Harold
 14383 | D:10     | Reached skill level 5 in Fighting
 14383 | D:10     | Reached skill level 4 in Earth Magic
 14596 | D:10     | Noticed a two-headed ogre
 14603 | D:10     | Killed a two-headed ogre
 14603 | D:10     | Reached XP level 11. HP: 88/88 MP: 4/22
 14831 | D:11     | Reached skill level 5 in Earth Magic
 14838 | D:11     | Killed an unseen horror
 14851 | D:11     | Noticed a white ugly thing
 14851 | D:11     | Noticed a purple ugly thing
 14935 | D:9      | Killed a purple ugly thing
 15232 | D:11     | Killed a white ugly thing
 15232 | D:11     | Reached skill level 6 in Earth Magic
 15552 | D:11     | Found a staircase to the Lair.
 16033 | Lair:1   | Entered Level 1 of the Lair of Beasts
 16055 | Lair:1   | Reached skill level 7 in Earth Magic
 16085 | Lair:1   | Found a gate leading to a gauntlet.
 16115 | Gauntlet | Entered a Gauntlet
 16115 | Gauntlet | Found a transporter.
 16235 | Gauntlet | Found a transporter.
 16235 | Gauntlet | Noticed a death scarab
 16250 | Gauntlet | Found a transporter.
 16255 | Gauntlet | Found a transporter.
 16269 | Gauntlet | Noticed a ghost crab
 16270 | Gauntlet | Found a transporter.
 16289 | Gauntlet | Found a transporter.
 16301 | Gauntlet | Found a transporter.
 16301 | Gauntlet | Noticed an obsidian statue
 16309 | Gauntlet | Found a large runed translucent door.
 16310 | Gauntlet | Found a large runed translucent door.
 16311 | Gauntlet | Found a large runed translucent door.
 16311 | Gauntlet | Found a large runed translucent door.
 16312 | Gauntlet | Found a runed translucent gate.
 16313 | Gauntlet | Found a transporter.
 16313 | Gauntlet | Found a runed translucent gate.
 16314 | Gauntlet | Found a runed translucent gate.
 16315 | Gauntlet | Found a large runed translucent door.
 16315 | Gauntlet | Found a large runed translucent door.
 16316 | Gauntlet | Found a large runed translucent door.
 16317 | Gauntlet | Found a large runed translucent door.
 16323 | Gauntlet | Noticed a death yak
 16324 | Gauntlet | Noticed a death yak
 16325 | Gauntlet | Found a transporter.
 16325 | Gauntlet | Noticed a death yak
 16326 | Gauntlet | Noticed a death yak
 16327 | Gauntlet | Noticed a death yak
 16335 | Gauntlet | Noticed a glowing orange brain
 16337 | Gauntlet | Found a transporter.
 16343 | Gauntlet | Found a transporter.
 16343 | Gauntlet | Found a transporter.
 16350 | Gauntlet | Noticed a glowing orange brain
 16360 | Gauntlet | Noticed a brown ugly thing
 16382 | Gauntlet | Found a transporter.
 16383 | Gauntlet | Noticed a death scarab
 16409 | Gauntlet | Found a transporter.
 16409 | Gauntlet | Found a transporter.
 16429 | Gauntlet | Found a transporter.
 16507 | Gauntlet | Found a transporter.
 16620 | Gauntlet | Found a transporter.
 16634 | Gauntlet | Reached **** piety under Vehumet
 16635 | Gauntlet | Found a large runed translucent door.
 16635 | Gauntlet | Found a large runed translucent door.
 16636 | Gauntlet | Found a large runed translucent door.
 16636 | Gauntlet | Found a large runed translucent door.
 16922 | Gauntlet | Found a large runed translucent door.
 16922 | Gauntlet | Found a large runed translucent door.
 16922 | Gauntlet | Found a runed translucent door.
 16922 | Gauntlet | Found a runed translucent door.
 16946 | Gauntlet | Killed a death scarab
 17281 | Gauntlet | Killed an obsidian statue
 17281 | Gauntlet | Reached skill level 8 in Earth Magic
 17315 | Gauntlet | Got a crude lead amulet
 17316 | Gauntlet | Identified the amulet of Qazlal's Envy {Reflect +Blink +Inv
                  | rPois Dex+2 SH+4} (You found it in a Gauntlet)
 17398 | Gauntlet | Identified the +11 shortbow of Fear {venom, MR+ Int+6}
 17398 | Gauntlet | Identified the ring "Veull" {rF+ Str+2 Int-2 Stlth+}
 17398 | Gauntlet | Noticed a minotaur
 17885 | Lair:1   | Offered knowledge of Lee's Rapid Deconstruction by Vehumet.
 17899 | Lair:1   | Reached XP level 12. HP: 67/97 MP: 1/24
 18550 | Lair:1   | Learned a level 5 spell: Lee's Rapid Deconstruction
 18670 | Lair:1   | Reached skill level 5 in Dodging
 19170 | Lair:2   | Reached skill level 9 in Earth Magic
 19337 | Lair:2   | Noticed an eight-headed hydra
 19349 | Lair:2   | Killed an eight-headed hydra
 19917 | Lair:2   | Found a staircase to the Snake Pit.
 20208 | Lair:2   | Found a glowing golden altar of the Shining One.
 20264 | Lair:2   | Reached skill level 10 in Earth Magic
 20894 | Lair:2   | Found the +8 whip "Snakebite" {curare, rPois}
 20950 | Lair:2   | Learned a level 5 spell: Bolt of Magma
 21304 | Lair:3   | Reached skill level 1 in Evocations
 22162 | Lair:4   | Noticed a six-headed hydra
 22198 | Lair:4   | Killed a six-headed hydra
 22413 | Lair:4   | Reached XP level 13. HP: 97/107 MP: 7/26
 22418 | Lair:4   | Reached ***** piety under Vehumet
 22429 | Lair:4   | Offered knowledge of Bolt of Fire by Vehumet.
 23613 | Lair:4   | Found a staircase to the Swamp.
 23829 | Lair:5   | Reached skill level 11 in Earth Magic
 24312 | Lair:5   | Noticed Josephine
 24512 | Lair:5   | Killed Josephine
 24512 | Lair:5   | Reached skill level 5 in Evocations
 25497 | Lair:5   | Found a viscous altar of Jiyva.
 25498 | Lair:5   | Found a staircase to the Slime Pits.
 25695 | Lair:6   | Entered Level 6 of the Lair of Beasts
 25735 | Lair:6   | Reached skill level 10 in Spellcasting
 27039 | Lair:6   | Reached XP level 14. HP: 119/119 MP: 14/28
 27441 | Lair:6   | Reached skill level 12 in Earth Magic
 27953 | Lair:6   | Reached skill level 10 in Fighting
 28626 | Lair:6   | Got a scorched ruby amulet
 28640 | Lair:6   | Identified the amulet "Ysorolun" {rC+++ Regen+ Str+2 Dex-4
                  | Stlth+} (You found it on level 6 of the Lair of Beasts)
 29187 | D:12     | Found Tunt's Food Boutique.
 29417 | D:12     | Found Cuhuary's Antique Weapon Boutique.
 30145 | D:12     | Found Naaly's Book Emporium.
 30194 | D:12     | Found Tauqykli's Assorted Antiques.
 30197 | D:12     | Bought a potion of invisibility for 256 gold pieces
 30197 | D:12     | Bought a scroll labeled GOURHU CYKOV for 32 gold pieces
 30201 | D:12     | Bought a steaming hand axe for 256 gold pieces
 30203 | D:12     | Identified the +6 hand axe "Harosest" {chop, *Corrode rElec
                  | rPois Stlth+} (You bought it in a shop on level 12 of the
                  | Dungeon)
 30232 | D:12     | Found Sinah's Food Shop.
 30598 | D:13     | Noticed Nessos
 30617 | D:13     | Killed Nessos
 31310 | D:13     | Reached skill level 13 in Earth Magic
 31400 | D:13     | Noticed an ironheart preserver
 31424 | D:13     | Killed an ironheart preserver
 31535 | D:13     | Offered knowledge of Conjure Ball Lightning by Vehumet.
 31537 | D:13     | Noticed Rupert
 31559 | D:13     | Killed Rupert
 31826 | D:13     | Found a gate to the Vaults.
 32654 | D:14     | Found a frozen archway.
 32670 | IceCv    | Entered an ice cave
 33533 | IceCv    | Reached XP level 15. HP: 127/129 MP: 21/29
 33719 | IceCv    | Learned a level 6 spell: Iron Shot
 34215 | IceCv    | Noticed a frost giant
 34228 | IceCv    | Killed a frost giant
 34931 | D:14     | Found a runed translucent gate.
 34932 | D:14     | Found a runed translucent gate.
 34932 | D:14     | Found a runed translucent gate.
 34934 | D:14     | Noticed Fingolfin's ghost (journeyman TrMo)
 35488 | D:14     | Offered knowledge of Bolt of Draining by Vehumet.
 35488 | D:14     | Reached skill level 14 in Earth Magic
 35712 | D:14     | Found a portal to a secret trove of treasure.
 36517 | D:15     | Entered Level 15 of the Dungeon
 36962 | D:15     | Noticed a fire giant
 37065 | D:15     | Killed a fire giant
 37840 | D:15     | Found a staircase to the Depths.
 39028 | Orc:1    | Entered Level 1 of the Orcish Mines
 39028 | Orc:1    | Found a transporter.
 39028 | Orc:1    | Identified the cursed +0 lajatang of the Many Ghosts {elec,
                  | Str+2 Int+3}
 39028 | Orc:1    | Noticed an orc warlord
 39561 | Swamp:1  | Entered Level 1 of the Swamp
 39828 | Swamp:1  | Noticed a thorn hunter
 40385 | Swamp:1  | Killed a thorn hunter
 40648 | Swamp:1  | Reached skill level 15 in Earth Magic
 41833 | Swamp:2  | Reached XP level 16. HP: 139/139 MP: 13/31
 41940 | Swamp:2  | Paralysed by a hornet for 3 turns
 42590 | Swamp:2  | Noticed a thorn hunter
 42616 | Swamp:2  | Killed a thorn hunter
 43630 | Swamp:3  | Offered knowledge of Poison Arrow by Vehumet.
 44660 | Swamp:4  | Entered Level 4 of the Swamp
 44679 | Swamp:3  | Reached skill level 10 in Dodging
 44875 | Swamp:4  | Noticed a thorn hunter
 44882 | Swamp:4  | Killed a thorn hunter
 46755 | Swamp:4  | Reached skill level 16 in Earth Magic
 46898 | Swamp:4  | Noticed the 27-headed Lernaean hydra
 46910 | Swamp:4  | Killed the 27-headed Lernaean hydra
 47368 | Swamp:4  | Offered knowledge of Conjure Ball Lightning by Vehumet.
 48148 | Swamp:4  | Got a decaying rune of Zot
 48416 | Orc:1    | Noticed Ciad's ghost (journeyman MiBe)
 48417 | Orc:1    | Identified the cursed +3 scimitar of Watchfulness {freeze,
                  | +Blink rElec Int-4 Stlth-}
 48966 | Orc:1    | Found a bloodstained altar of Trog.
 48972 | Orc:1    | Found a transporter.
 49671 | Orc:1    | Identified the +1 scythe "Qyhunam" {elec, rElec}
 49681 | Orc:1    | Offered knowledge of Poison Arrow by Vehumet.
 50104 | Orc:1    | Reached XP level 17. HP: 148/148 MP: 28/32
 50435 | Orc:2    | Entered Level 2 of the Orcish Mines
 51723 | Orc:2    | Found a staircase to the Elven Halls.
 52366 | Orc:2    | Offered knowledge of Conjure Ball Lightning by Vehumet.
 52883 | Orc:2    | Found Sigu Gistre's Food Boutique.
 52883 | Orc:2    | Found Idonit's Magic Scroll Emporium.
 52883 | Orc:2    | Found Isyaxawne's General Store.
 52926 | Orc:2    | Found Buitul's Weapon Shop.
 52931 | Orc:2    | Bought a scroll of teleportation for 54 gold pieces
 52931 | Orc:2    | Bought 3 scrolls of fog for 108 gold pieces
 53251 | Snake:1  | Entered Level 1 of the Snake Pit
 53472 | Snake:1  | Reached skill level 1 in Shields
 54077 | Snake:1  | You fall into a shaft and drop 1 floor!
 54158 | Snake:1  | Identified the cursed +0 long sword of the Illusory Tales
                  | {slice, Fragile +Rage rN+ SInv}
 55304 | Snake:1  | Reached skill level 17 in Earth Magic
 55403 | Snake:1  | Reached skill level 15 in Conjurations
 56992 | Snake:2  | Noticed Roxanne
 56996 | Snake:2  | Killed Roxanne
 57111 | Snake:2  | Noticed Agnes
 57132 | Snake:1  | Killed Agnes
 57433 | Snake:2  | Found Tuimui's Armour Emporium.
 57478 | Snake:2  | Noticed Donald
 57590 | Snake:2  | Killed Donald
 57772 | Snake:2  | Reached ****** piety under Vehumet
 58663 | Snake:2  | Reached skill level 5 in Shields
 59668 | Snake:3  | Offered knowledge of Lehudib's Crystal Spear by Vehumet.
 59668 | Snake:3  | Offered knowledge of Glaciate by Vehumet.
 59668 | Snake:3  | Offered knowledge of Chain Lightning by Vehumet.
 60217 | Snake:3  | Reached XP level 18. HP: 102/158 MP: 6/34
 62041 | Snake:4  | Entered Level 4 of the Snake Pit
 62363 | Snake:4  | Reached skill level 18 in Earth Magic
 66642 | Snake:4  | Reached skill level 19 in Earth Magic
 66837 | Snake:4  | Identified the Disquisition on Boosting Summoning
 67024 | Snake:4  | Got a serpentine rune of Zot
 68091 | D:14     | Killed Fingolfin's ghost
 68511 | D:14     | Got a faintly glowing diamond amulet
 68517 | D:14     | Identified the amulet of Cut Kakhliah {Reflect rN+ Str+2
                  | SH+6} (You found it on level 14 of the Dungeon)
 68593 | Vaults:1 | Entered Level 1 of the Vaults
 68609 | Vaults:1 | Reached XP level 19. HP: 150/168 MP: 15/36
 69169 | Vaults:1 | Found a blossoming altar of Fedhas.
 69371 | Vaults:1 | Identified the +6 flail "Tonlaese" {drain, *Noise rN+ Int+2
                  | Stlth+} (You found it on level 1 of the Vaults)
 70107 | Vaults:1 | HP: 1/168 [yaktaur captain/bolt (40)]
 71779 | Vaults:1 | Reached skill level 20 in Earth Magic
 71997 | Vaults:1 | Reached skill level 15 in Fighting
 72610 | Vaults:1 | Killed from afar by a quicksilver dragon

Levels and vault maps discovered:
D:1:      tarquinn_simple_flora_water_c, layout_basic, st_stairs_1
D:2:      layout_basic, nemelex_altar_shiori, serial_forest,
          infiniplex_forest_clump_medium, infiniplex_forest_lined_corner,
          infiniplex_forest_straight_4, infiniplex_forest_clump_large,
          infiniplex_forest_straight_4
D:3:      layout_basic, minmay_curled_crystal, minmay_box_of_dots
D:4:      layout_basic, grunt_qazlal_clouds, minmay_temple_entry_trees,
          enter_ossuary_2, okawaru_altar_gauntlet_db, uniq_natasha
D:5:      minmay_inner_zag, layout_loops_ring,
          grunt_temple_overflow_order_and_chaos_2,
          gammafunk_temple_overflow_arena, first_ration
D:6:      layout_gridville, nicolae_overflow_crystal_walls
D:7:      layout_basic, evilmike_ruin_ashenzari, fedhas_ov_isle_minmay, tgw_trog
D:8:      layout_basic, dk_noncrumbling_3
D:9:      layout_irregular_city, grunt_gozag_statues,
          grunt_temple_overflow_open, the_bakery,
          lemuel_mausoleum_altar_kikubaaqudgha
D:10:     layout_gridville, david_orc_2, minmay_misc_feat_plants, uniq_harold
D:11:     layout_rooms, lair_entry_dummy
D:12:     layout_rooms, serial_shops, kennysheep_mini_moat,
          kennysheep_little_box, kennysheep_mini, nicolae_shop_stone,
          nicolae_shop_trees
D:13:     layout_roguey, skrybe_vaults_entry_preservation, grunt_ministairs_11,
          uniq_rupert, uniq_nessos
D:14:     layout_loops_ring, maelrawn_ghost_gauntlet_escape,
          portal_ice_cave_rime, serial_bayou_pond_a, enter_trove_6
D:15:     grunt_enter_depths_giant_problem, layout_gridville,
          serial_bayou_lagoon_a, minmay_unpleasant_kobolds
Temple:   corrupted_temple
Lair:1:   layout_cave_pods, gauntlet_entry_generic
Lair:2:   minmay_guarded_unrand_snakebite, layout_hall_layers,
          minmay_snake_entry_guardpost_small, basic_altar,
          chequers_serial_rivers_micro_e
Lair:3:   layout_chaotic_city, grunt_megastairs_2
Lair:4:   layout_loops_ring, palyth_hydra_swamp_entry,
          nicolae_quartered_pool_super, grunt_megastairs_1
Lair:5:   layout_gridlike, dpeg_slime_entry_enclosed_altar,
          minmay_shattered_shrine, uniq_josephine
Lair:6:   gammafunk_lair_ancient_temple, layout_regular_city
Swamp:1:  layout_falls_marsh, evilmike_swamp_ruin_house_6, swamp_pool1,
          nicolae_swamp_treefoil
Swamp:2:  layout_falls_marsh, evilmike_swamp_ruin_house_1, swamp_pool3,
          infiniplex_staircase_pool_2
Swamp:3:  layout_basic_swamp, evilmike_swamp_ruin_house_4
Swamp:4:  grunt_swamp_rune_castle, layout_basic_swamp
Snake:1:  cheibrodos_snake_ritualist_ritual, layout_grid_maze, serial_bayou,
          serial_bayou_pond_d, serial_bayou_pond_e, serial_bayou_lake_a,
          serial_bayou_pond_e, serial_bayou_shore_a, serial_bayou_shore_b
Snake:2:  layout_misc_corridors, serial_shops, shop, serial_bayou_pond_e,
          hangedman_snake_corridor_cut, uniq_roxanne, uniq_donald, uniq_agnes
Snake:3:  kennysheep_six_static_rooms, layout_chambers, st_stairs_12
Snake:4:  snake_pit, layout_layer_cave, serial_bayou_ford_a,
          nicolae_snake_single_loop
Orc:1:    layout_caves, gammafunk_ghost_wrathful_warriors, minmay_orc_treasury
Orc:2:    st_orc_rangers, layout_diamond_mine
Vaults:1: hangedman_vaults_trim, vaults_mumra_hexcomb, grunt_vaults_twisty,
          nicolae_vaults_big_angled_halls, hangedman_vaults_trim, v_misc_17,
          nicolae_vaults_network_square, ontoclasm_vaults_bender,
          hangedman_vaults_capsules, nicolae_vaults_specimen_jars,
          ontoclasm_vaults_pinch, layout_vaults_ring, basic_altar

Skill      XL: |  1  2  3  4  5  6  7  8  9 10 11 12 13 14 15 16 17 18 19 |
---------------+----------------------------------------------------------+-----
Fighting       | 1 2 3 4 5 6 8 9 11 12 13 14 15 | 15.0
Conjurations   | 2 3 4 5 7 9 10 11 12 13 14 15 16 | 16.0
Spellcasting   | 3 4 5 6 7 8 9 10 11 12 13 | 13.6
Fire Magic     | 4 5 6 7 8 9 |  9.6
Earth Magic    | 4 8 10 11 13 15 16 17 19 20 | 20.1
Dodging        | 3 4 6 7 8 9 10 | 10.6
Evocations     | 3 7 8 |  8.0
Shields        | 5 7 |  7.0
Stealth        | |  1.7

Action                   |  1- 3 |  4- 6 |  7- 9 | 10-12 | 13-15 | 16-18 | 19-21 || total
-------------------------+-------+-------+-------+-------+-------+-------+-------++-------
Melee: Unarmed           |    10 |       |       |       |       |       |       ||    10
       Mace              |    11 |       |       |       |       |       |       ||    11
       Trident           |     5 |    49 |    65 |   105 |       |       |       ||   224
       Tailslap          |     1 |     3 |     4 |    11 |    23 |    38 |     8 ||    88
       Scimitar          |       |       |       |     1 |       |       |       ||     1
       Whip              |       |       |       |    11 |   193 |   234 |    53 ||   491
       Staff             |       |       |       |       |    28 |     2 |     1 ||    31
 Cast: Flame Tongue      |    26 |    86 |   141 |   193 |   142 |    19 |       ||   607
       Throw Flame       |    14 |    32 |    76 |   117 |    66 |     3 |     1 ||   309
       Conjure Flame     |       |     5 |    11 |    11 |    16 |     4 |       ||    47
       Sticky Flame      |       |     1 |     9 |    72 |   128 |    69 |     9 ||   288
       Fireball          |       |       |     5 |    42 |   189 |   297 |    11 ||   544
       Stone Arrow       |       |       |       |    64 |   140 |    45 |     5 ||   254
       Bolt of Magma     |       |       |       |     4 |    30 |    42 |     6 ||    82
       Lee's Rapid Decon |       |       |       |     2 |    58 |    79 |    32 ||   171
       Iron Shot         |       |       |       |       |    64 |   415 |    95 ||   574
 Abil: Evoke Blink       |       |       |       |     1 |     3 |     4 |       ||     8
       Evoke Invisibilit |       |       |       |       |       |    14 |       ||    14
Evoke: Wand              |       |       |       |       |     2 |     6 |     1 ||     9
       Staff of energy   |       |       |       |       |       |     1 |       ||     1
  Use: Scroll            |       |     5 |    11 |     7 |    15 |     5 |     6 ||    49
       Potion            |       |    10 |       |    10 |     3 |     1 |     3 ||    27
 Stab: Invisible         |       |       |       |     1 |       |     2 |       ||     3
  Eat: Chunk             |     2 |    11 |    16 |    25 |    44 |    37 |     9 ||   144
       Ration            |       |     1 |     2 |     9 |     9 |    17 |     2 ||    40
Armor: Skin              |    19 |    14 |    55 |   139 |   238 |   172 |    41 ||   678
Dodge: Dodged            |    27 |    38 |    50 |   294 |   443 |   465 |   132 ||  1449
       Deflected         |       |       |     1 |    10 |     1 |       |       ||    12
Block: Other             |       |       |       |    16 |    61 |    56 |    18 ||   151
       Reflection        |       |       |       |       |    12 |    48 |     4 ||    64
       Shield            |       |       |       |       |    56 |   199 |       ||   255
       Rpst.: Scimitar   |       |       |       |     1 |       |       |       ||     1

Table legend:
 A = Non-vault XP
 B = Vault XP
 C = Vault XP percentage of total XP
 D = Non-vault monster count
 E = Vault monster count
 F = Vault count percentage of total count
                 A         B        C        D         E       F
            +---------+---------+-------+---------+---------+-------
      Total |  258614 |  161371 |  38.4 |     950 |     429 |  31.1
            +---------+---------+-------+---------+---------+-------
        D:1 |      43 |       3 |   6.5 |      26 |       2 |   7.1
        D:2 |     116 |       0 |   0.0 |      19 |       0 |   0.0
        D:3 |      86 |      34 |  28.3 |      31 |       2 |   6.1
        D:4 |     233 |      60 |  20.5 |      14 |       7 |  33.3
        D:5 |     876 |    1305 |  59.8 |      17 |       9 |  34.6
        D:6 |     119 |       0 |   0.0 |       6 |       0 |   0.0
        D:7 |    1725 |      21 |   1.2 |      28 |       5 |  15.2
        D:8 |    2401 |       0 |   0.0 |      22 |       0 |   0.0
        D:9 |    1535 |     869 |  36.1 |      27 |      13 |  32.5
       D:10 |    2998 |    4901 |  62.0 |      22 |      15 |  40.5
       D:11 |    4350 |       0 |   0.0 |      21 |       0 |   0.0
       D:12 |    3910 |       0 |   0.0 |      22 |       0 |   0.0
       D:13 |    9872 |    8611 |  46.6 |      51 |      12 |  19.0
       D:14 |   12169 |    5171 |  29.8 |      38 |       8 |  17.4
       D:15 |   11107 |    1866 |  14.4 |      33 |       7 |  17.5
     Lair:1 |    3257 |       0 |   0.0 |      21 |       0 |   0.0
     Lair:2 |    7601 |    2553 |  25.1 |      26 |      12 |  31.6
     Lair:3 |    2661 |       0 |   0.0 |      12 |       0 |   0.0
     Lair:4 |    2875 |    5616 |  66.1 |       9 |      16 |  64.0
     Lair:5 |    5541 |    5775 |  51.0 |      17 |      11 |  39.3
     Lair:6 |   11573 |    9094 |  44.0 |      41 |      24 |  36.9
    Swamp:1 |   12584 |       0 |   0.0 |      26 |       0 |   0.0
    Swamp:2 |   12316 |       0 |   0.0 |      33 |       0 |   0.0
    Swamp:3 |    5224 |     695 |  11.7 |      18 |       1 |   5.3
    Swamp:4 |   13686 |   21755 |  61.4 |      36 |      32 |  47.1
    Snake:1 |   20206 |    5140 |  20.3 |      46 |       6 |  11.5
    Snake:2 |   19498 |    9551 |  32.9 |      40 |      18 |  31.0
    Snake:3 |   20449 |    3759 |  15.5 |      41 |       7 |  14.6
    Snake:4 |   33456 |   30306 |  47.5 |      56 |      46 |  45.1
      Orc:1 |    6534 |    4946 |  43.1 |      59 |      33 |  35.9
      Orc:2 |    1794 |    6125 |  77.3 |      33 |      39 |  54.2
   Vaults:1 |   27819 |   15822 |  36.3 |      59 |      29 |  33.0
    Ossuary |       0 |     552 | 100.0 |       0 |      13 | 100.0
      IceCv |       0 |   14200 | 100.0 |       0 |      55 | 100.0
   Gauntlet |       0 |    2641 | 100.0 |       0 |       7 | 100.0
            +---------+---------+-------+---------+---------+-------
